AoeStats
← ogipochi_

Arena

510292294Analyzed
4v4 RM · 2d ago on Sep 30, 2026· 42m 32s· 8 players
Game mode
Random Map
Map size
Large (8 player)
Population
200
Speed
Normal
Resources
Standard
Victory
Conquest
Starting age
Dark Age
Ending age
Imperial Age
RankedLock teamsTeams togetherTeam positionsShared explorationLock speedFull tech treeHidden civsTurbo modeCheats
Victory
Defeat
🇧🇷 Japanese · Brazil
792
+11
🇮🇹 Franks · Italy
766
+12
🇲🇽 Saxons · Mexico
713
+14
🇷🇴 Persians · Romania
713
+14
🇯🇵 Khitans · Japan
754
-17
🇩🇪 Franks · Germany
660
-12
🇦🇺 Varangians · Australia
637
-11
🇭🇰 Turks · Hong Kong SAR China
624
-11
ogipochi_
9:24 Loom
11:28 Feudal Age
12:16 Double-Bit Axe
12:22 Gold Mining
12:13 Domestication
14:45 Wheelbarrow
18:32 Castle Age
16:12 Man-at-Arms
17:01 Scale Mail Armor
17:51 Forging
17:58 Arson
19:28 Squires
19:37 Long Swordsman
20:51 Gambesons
24:30 Bow Saw
27:21 Iron Casting
27:52 Chain Mail Armor
27:25 Pikeman
29:03 Pastoralism
28:56 Stone Mining
30:55 Stone Shaft Mining
33:47 Hand Cart
36:04 Imperial Age
ToveLo
12:22 Feudal Age
13:08 Double-Bit Axe
16:41 Stone Mining
19:48 Castle Age
19:05 Gold Mining
22:30 Wheelbarrow
21:50 Horse Collar
24:13 Bow Saw
24:46 Squires
24:33 Arson
25:30 Heavy Plow
26:14 Forging
26:07 Scale Mail Armor
26:38 Gambesons
29:02 Chain Mail Armor
29:22 Iron Casting
30:22 Treadmill Crane
31:07 Ballistics
31:45 Stone Shaft Mining
36:19 Imperial Age
33:53 Fletching
35:47 Hand Cart
35:34 Bodkin Arrow
38:05 Two-Man Saw
37:48 Plate Mail Armor
38:18 Blast Furnace
37:46 Conscription
37:33 Gothikon
Buddy
3:56 Loom
10:47 Feudal Age
15:55 Double-Bit Axe
18:12 Castle Age
16:13 Stone Mining
33:37 Imperial Age
33:47 Scale Barding Armor
33:53 Forging
34:24 Wheelbarrow
33:35 Town Watch
33:53 Gold Mining
35:51 Chemistry
35:59 Chivalry
37:19 Gold Shaft Mining
36:49 Husbandry
tingchunng
11:16 Feudal Age
12:11 Horse Collar
12:19 Double-Bit Axe
16:00 Gold Mining
20:12 Castle Age
19:03 Stone Mining
21:48 Bow Saw
22:16 Gold Shaft Mining
21:49 Heavy Plow
22:31 Padded Archer Armor
27:52 Leather Archer Armor
28:55 Wheelbarrow
31:04 Ballistics
30:56 Masonry
37:04 Imperial Age
34:58 Hand Cart
36:26 Caravan
40:14 Elite Janissary
41:42 Conscription
42:12 Hoardings
41:38 Artillery
42:19 Architecture
41:40 Arrowslits
42:09 Fortified Wall
42:21 Bombard Tower
ostiinn
0:30 Loom
12:10 Feudal Age
16:20 Castle Age
14:24 Horse Collar
16:30 Double-Bit Axe
17:24 Wheelbarrow
17:55 Bow Saw
17:38 Gold Mining
17:54 Heavy Plow
19:18 Gold Mining
33:29 Imperial Age
33:30 Capped Ram
33:50 Elite Hearth Troop
33:52 Shield Wall
34:54 Conscription
33:57 Pikeman
34:39 Squires
38:31 Chemistry
37:42 Fortified Wall
39:56 Siege Ram
Adrian_kiss99
0:28 Loom
11:59 Feudal Age
13:11 Wheelbarrow
12:34 Double-Bit Axe
12:55 Horse Collar
15:59 Gold Mining
16:01 Stone Mining
20:53 Arson
21:23 Forging
21:14 Scale Mail Armor
21:21 Scale Barding Armor
25:40 Castle Age
26:32 Hand Cart
26:34 Bow Saw
27:10 Caravan
27:55 Stone Shaft Mining
28:45 Gold Shaft Mining
28:50 Kamandaran
29:17 Chain Barding Armor
31:47 Gambesons
32:03 Squires
32:16 Pikeman
| LEON | SAPULHA
0:26 Loom
12:29 Feudal Age
17:30 Castle Age
15:40 Gold Mining
17:02 Double-Bit Axe
18:38 Bow Saw
19:12 Horse Collar
21:56 Stone Mining
23:41 Gold Shaft Mining
24:26 Wheelbarrow
25:49 Fervor
31:24 Imperial Age
29:57 Hand Cart
29:28 Town Watch
29:46 Heavy Plow
30:28 Fortified Wall
31:57 Forging
31:48 Scale Mail Armor
32:23 Elite Samurai
34:10 Chain Mail Armor
34:30 Iron Casting
35:00 Kataparuto
35:55 Chemistry
37:29 Siege Engineers
38:01 Plate Mail Armor
38:32 Blast Furnace
alexgiaco98
0:26 Loom
12:49 Feudal Age
15:27 Double-Bit Axe
15:35 Stone Mining
21:09 Gold Mining
23:54 Castle Age
25:30 Bow Saw
25:57 Gold Shaft Mining
25:28 Husbandry
39:22 Imperial Age
39:27 Cavalier
40:10 Chivalry
40:32 Conscription
42:48 Chemistry
41:38 Paladin
Connection lost

Rejoining the realm…

Still unreachable

The connection could not be restored.

Session expired

The server has moved on; the page needs a fresh start.